 Dungeon Crawl Stone Soup version 0.27.1-16-g815e20cd7a (webtiles) character file.

Game seed: 3653494594439518492

6832 McKennaii the Thaumaturge (level 11, -3/71 HPs)
             Began as a Djinni Fire Elementalist on Nov 21, 2021.
             Was a Follower of Makhleb.
             Killed by mirror damage (10 damage)
             ... on level 9 of the Dungeon.
             The game lasted 00:19:09 (13340 turns).

McKennaii the Thaumaturge (DjFE)                   Turns: 13340, Time: 00:19:10

Health: -3/71      AC:  7    Str:  7    XL:     11   Next: 26%
Gold:   509        EV: 15    Int: 19    God:    Makhleb [*.....] SH:  0 Dex: 15

rFire    + + .     SeeInvis .   A - staff of conjuration
rCold    x . .     Faith    .   (no shield)
rNeg     . . .     Spirit   .   a - +0 robe
rPois    ∞         Reflect  .   e - +0 helmet
rElec    .         Harm     .   (no cloak)
rCorr    +         Rampage  .   (no gloves)
Will     +....                  (boots unavailable)
Stlth    +++.......             (no amulet)
HPRegen  0.21/turn              n - ring of resist corrosion
MPRegen  0.00/turn              x - +4 ring of protection

@: flying, studying Dodging
A: sickness immunity, fire resistance 2, cold vulnerability 1, float, innate
caster, hp casting, extra vitality 1
a: Renounce Religion


You were on level 9 of the Dungeon.
You worshipped Makhleb.
Makhleb was aware of your devotion.
You visited 2 branches of the dungeon, and saw 10 of its levels.

You collected 509 gold pieces.

Inventory:

Missiles
 f - a throwing net
Armour
 a - a +0 robe (worn)
 e - a +0 helmet (worn)
Magical Staves
 A - a staff of conjuration (weapon)
Jewellery
 n - a ring of resist corrosion (left hand)
 u - a ring of see invisible
 x - a +4 ring of protection (right hand)
Wands
 c - a wand of polymorph (25)
 v - a wand of charming (9)
 C - a wand of flame (11)
Scrolls
 d - a scroll of teleportation
 g - 2 scrolls of identify
 h - 2 scrolls of silence {unknown}
 i - 2 scrolls of enchant armour {unknown}
 k - 2 scrolls of holy word {unknown}
 l - a scroll of blinking
 m - a scroll of summoning
 y - a scroll of torment {unknown}
Potions
 b - a potion of brilliance
 j - 7 potions of curing
 o - 2 potions of haste
 p - 3 potions of heal wounds
 q - a potion of lignification
 r - 2 potions of berserk rage
 s - 4 potions of might
 t - 2 potions of attraction {unknown}
 w - a potion of mutation {unknown}
 z - 3 potions of flight {unknown}
 B - 2 potions of degeneration {unknown}


   Skills:
 * Level 3.5 Fighting
 * Level 6.4 Dodging
 + Level 4.4 Stealth
 * Level 11.5 Spellcasting


You had 3 spell levels left.
You knew the following spells:

 Your Spells              Type           Power      Damage    Failure   Level
a - Foxfire               Conj/Fire      100%       2x1d9     1%          1
b - Conjure Flame         Conj/Fire      70%        6-21      1%          3
c - Inner Flame           Hex/Fire       53%        N/A       1%          3
d - Sticky Flame          Conj/Fire      70%        2d8       1%          4
e - Fireball              Conj/Fire      35%        3d15      1%          5
f - Magic Dart            Conj           100%       1d8       1%          1
g - Searing Ray           Conj           100%       3d7       1%          2
h - Corpse Rot            Necr/Air       N/A        N/A       1%          2
i - Passage of Golubria   Tloc           N/A        N/A       1%          4
j - Metabolic Englaciati  Hex/Ice        26%        N/A       1%          5
Your spell library was empty.

Dungeon Overview and Level Annotations

Branches:
Dungeon (9/15)             Temple (1/1) D:7
   Lair: D:8-11         Orc: D:9-12

Altars:
Ashenzari
Cheibriados
Dithmenos
Elyvilon
Fedhas
Gozag
Hepliaklqana
Kikubaaqudgha
Makhleb
Nemelex Xobeh
Okawaru
Qazlal
Ru
Sif Muna
Trog
Uskayaw
Vehumet
Wu Jian
Xom
Yredelemnul
Zin

Annotations:
D:7 2 runed translucent doors, yoloboy69's ghost, novice TrBe


Innate Abilities, Weirdness & Mutations

You are immune to sickness and miasma.
You are immune to poison.
Your flesh is very heat resistant. (rF++)
You are vulnerable to cold. (rC-)
You float through the air rather than walking.
You learn spells naturally, not from books.
Your magical power is your life essence.
You have superior vitality. (+4 HP)


Message History

The death knight burns!
The phantasmal warrior blinks!
The death knight hits you with a +4 great mace of protection!!
* * * LOW HITPOINT WARNING * * *
Unknown command.
The death knight burns!
The death knight burns!
The death knight burns!
The death knight burns!
The death knight stops burning.
The phantasmal warrior blinks!
The death knight offers itself to Yredelemnul, and fills with unholy energy.
The death knight mumbles some strange prayers to Yredelemnul against you.
You struggle to resist.
Casting: Sticky Flame (mildly dangerous; 1% risk of failure)
Confirm with . or Enter, or press ? or * to list all spells.
Aiming: Fireball (dangerous; 1% risk of failure)
Press: ? - help, Shift-Dir - straight line, f/p - death knight
Aim: a death knight, wielding a +4 great mace of protection and wearing a +0 chain mail (severely wounded, reflecting injuries)
You feel a surge of power!
The fireball explodes!
The fireball engulfs the death knight!
The death knight is almost dead.
* * * LOW HITPOINT WARNING * * *
The death knight reflects your damage back at you!
* * * LOW HITPOINT WARNING * * *
Unknown command.
Unknown command.
The phantasmal warrior blinks!
Casting: Fireball (dangerous; 1% risk of failure)
Confirm with . or Enter, or press ? or * to list all spells.
Aiming: Fireball (dangerous; 1% risk of failure)
Press: ? - help, Shift-Dir - straight line, f/p - death knight
Aim: a death knight, wielding a +4 great mace of protection and wearing a +0 chain mail (almost dead, reflecting injuries)
You feel a surge of power!
The fireball explodes!
The fireball engulfs the death knight!!
You kill the death knight!
Makhleb accepts your kill.
The fireball engulfs the phantasmal warrior!!
The phantasmal warrior is heavily damaged.
* * * LOW HITPOINT WARNING * * *
Your damage is reflected back at you!
You die...

#....'...........#.#
###.##.........#.#.#
#.........#.#.#
#....T....#.#.#
#.........#.#.#
.####........W#.#.######
..............)......>..
............###.#.######
########.##.# #@#Z#
#.##.# #.#.#
#.##.###.#.#
#........#.#
#........#.#
#........#.# #.##.###.#
#.##.# #.#
..####+##.##.#


You could see a phantasmal warrior.

Vanquished Creatures
  Harold (D:6)
  A death knight (D:9)
  2 freezing wraiths (D:9)
  A hornet (D:8)
  Sigmund (D:5)
  8 yaks
  A wyvern (D:9)
  A steam dragon (D:7)
  5 water moccasins
  3 orc warriors
  A sky beast (D:6)
  2 ice beasts (D:6)
  2 black bears
  2 ogres (D:7)
  A necrophage (D:6)
  5 centaurs
  A phantom (D:5)
  A kobold brigand (D:5)
  2 bullfrogs
  4 scorpions
  A water moccasin zombie (D:5)
  8 killer bees (D:9)
  7 wights
  An electric eel (D:8)
  3 howler monkeys
  A bullfrog zombie (D:6)
  2 hounds
  A jelly (D:7)
  An orc priest (D:7)
  A bullfrog skeleton (D:6)
  A centaur skeleton (D:6)
  3 iguanas (D:7)
  3 orc wizards
  A hound skeleton (D:5)
  A mummy (D:8)
  3 howler monkey zombies
  6 adders
  2 ufetubi
  A worm (D:4)
  A dart slug (D:1)
  32 orcs
  7 endoplasms
  3 giant cockroaches
  6 hobgoblins
  4 jackals
  18 kobolds
  6 quokkas
  9 ball pythons
  2 bats
  4 frilled lizards
  8 goblins
  2 rats
194 creatures vanquished.

Vanquished Creatures (collateral kills)
  2 foxfires
2 creatures vanquished.

Vanquished Creatures (others)
  1070 foxfires
1070 creatures vanquished.

Grand Total: 1266 creatures vanquished

Notes
Turn   | Place    | Note
-------+----------+-------------------------------------------
     0 | D:1      | McKennaii the Djinni Fire Elementalist began the quest for
                  | the Orb.
     0 | D:1      | Reached XP level 1. HP: 15/15 MP: 0/0
   261 | D:1      | Found a faded altar of an unknown god.
   373 | D:1      | Reached XP level 2. HP: 13/21 MP: 0/0
   925 | D:1      | Reached skill level 3 in Spellcasting
  1002 | D:1      | Reached XP level 3. HP: 22/25 MP: 0/0
  1002 | D:1      | Learned a level 1 spell: Magic Dart
  2942 | D:3      | Reached XP level 4. HP: 20/31 MP: 0/0
  3421 | D:3      | Noticed a black bear
  3430 | D:3      | Killed a black bear
  3431 | D:3      | Reached skill level 4 in Spellcasting
  3431 | D:3      | Reached XP level 5. HP: 25/35 MP: 0/0
  3431 | D:3      | Learned a level 2 spell: Searing Ray
  4200 | D:3      | Reached XP level 6. HP: 25/40 MP: 0/0
  4435 | D:4      | Noticed a water moccasin
  4442 | D:4      | Killed a water moccasin
  5059 | D:5      | Entered Level 5 of the Dungeon
  5120 | D:5      | Reached skill level 5 in Spellcasting
  5120 | D:5      | Reached XP level 7. HP: 14/46 MP: 0/0
  5120 | D:5      | Learned a level 2 spell: Corpse Rot
  5742 | D:5      | Reached skill level 1 in Fighting
  5823 | D:5      | Reached XP level 8. HP: 19/52 MP: 0/0
  6027 | D:5      | Reached skill level 6 in Spellcasting
  6208 | D:5      | Noticed Sigmund
  6214 | D:5      | Killed Sigmund
  6460 | D:5      | Reached skill level 7 in Spellcasting
  7065 | D:6      | Found a broken altar of Ashenzari.
  7205 | D:6      | Reached XP level 9. HP: 52/57 MP: 0/0
  7205 | D:6      | Learned a level 4 spell: Passage of Golubria
  7357 | D:6      | Reached skill level 8 in Spellcasting
  8329 | D:7      | Found a large runed translucent door.
  8329 | D:7      | Found a large runed translucent door.
  8331 | D:7      | Noticed yoloboy69's ghost (novice TrBe)
  8391 | D:7      | Noticed Harold
  8763 | D:7      | Reached skill level 9 in Spellcasting
  8843 | D:7      | Found a bloodstained altar of Trog.
  8979 | D:7      | Reached XP level 10. HP: 50/64 MP: 0/0
  9400 | D:7      | Reached skill level 10 in Spellcasting
  9412 | D:7      | HP: 3/64 [orc warrior (10)]
 10130 | D:7      | Found a staircase to the Ecumenical Temple.
 10268 | Temple   | Entered the Ecumenical Temple
 10327 | Temple   | Became a worshipper of Makhleb the Destroyer
 10525 | D:6      | Killed Harold
 10868 | D:8      | Reached skill level 5 in Dodging
 11654 | D:8      | Found a snail-covered altar of Cheibriados.
 12368 | D:9      | Reached skill level 11 in Spellcasting
 12368 | D:9      | Reached XP level 11. HP: 39/71 MP: 0/0
 12368 | D:9      | Learned a level 5 spell: Metabolic Englaciation
 13158 | D:9      | Found a glowing silver altar of Zin.
 13158 | D:9      | Noticed an angel
 13163 | D:9      | Found a shimmering altar of Xom.
 13168 | D:9      | Reached * piety under Makhleb
 13324 | D:9      | Noticed a death knight
 13327 | D:9      | Noticed a phantasmal warrior
 13340 | D:9      | Killed a death knight
 13340 | D:9      | Killed by mirror damage

Illustrated notes

Levels and vault maps discovered:
D:1:      psy_arrival_statuary, layout_basic,
          chequers_ecumenical_altar_simple_redux
D:2:      layout_basic
D:3:      layout_loops_ring, serial_aquarium, aquarium_bridge_square
          [aquarium_subvault_window, aquarium_subvault_wall,
          aquarium_subvault_wall, aquarium_subvault_bridge], aquarium_window_1,
          aquarium_window_corner, aquarium_view_2d, aquarium_pool_side
D:4:      layout_cave_pools, serial_park, serial_park_square2,
          serial_park_tiny_2, serial_park_avenue1, serial_park_fountain
D:5:      cheibrodos_thug_alley, layout_basic, minmay_misc_feat_tiny,
          kb_lookout_dungeons_type, uniq_sigmund
D:6:      layout_cave_pods, mainiacjoe_overflow_tiny_flanked
D:7:      layout_gridville, trog_hazing_becter, lemuel_temple_firewalk_b,
          ebering_ghost_disaster_area, minmay_manual_mess, uniq_harold
D:8:      layout_basic, slow_altar_1, lightli_minifort
D:9:      layout_basic, grunt_temple_overflow_order_and_chaos_1, billiards_dpeg
Temple:   nicolae_temple_x_marks_the_god

Skill      XL: |  1  2  3  4  5  6  7  8  9 10 11 |
---------------+----------------------------------+-----
Spellcasting   | 3 4 5 7 9 11 | 11.5
Stealth        | 2 3 4 |  4.4
Dodging        | 3 4 5 6 |  6.4
Fighting       | 1 3 |  3.5

Action                   |  1- 3 |  4- 6 |  7- 9 | 10-12 || total
-------------------------+-------+-------+-------+-------++-------
Melee: Unarmed           |       |       |     1 |       ||     1
 Cast: Foxfire           |   130 |   102 |   275 |   128 ||   635
       Magic Dart        |       |    11 |       |       ||    11
       Passage of Golubr |       |       |     2 |     1 ||     3
       Fireball          |       |       |       |    42 ||    42
       Searing Ray       |       |       |       |     2 ||     2
       Sticky Flame      |       |       |       |     3 ||     3
       Metabolic Englaci |       |       |       |     1 ||     1
  Use: Scroll            |       |       |    10 |     1 ||    11
       Potion            |       |       |       |     1 ||     1
Armor: Robe              |     2 |     3 |    26 |     9 ||    40
Dodge: Dodged            |     8 |    17 |    47 |    26 ||    98
